 Dungeon Crawl Stone Soup version 0.18-a0-2-g0e512fa (webtiles) character file.

2482 Eptagon the Basher (level 9, 0/59 HPs)
             Began as a Gargoyle Fighter on Oct 31, 2015.
             Was a Priest of Okawaru.
             Slain by a killer bee (5 damage)
             ... on level 8 of the Dungeon.
             The game lasted 00:14:33 (7372 turns).

Eptagon the Basher (Gargoyle Fighter)               Turns: 7372, Time: 00:14:33

Health: 0/59       AC: 15    Str: 21    XL:     9   Next: 52%
Magic:  9/9        EV:  7    Int:  8    God:    Okawaru [***...]
Gold:   363        SH: 11    Dex:  7    Spells: 0 memorised, 8 levels left

rFire  . . .     SeeInvis .     a - +1 flail
rCold  + . .     Clarity  .     s - +0 scale mail
rNeg   + . .     SustAt   .     o - +2 shield {rPois}
rPois  ∞         Gourm    .     (no helmet)
rElec  +         Spirit   .     O - +2 cloak
rCorr  .         Warding  .     (no gloves)
rMut   .         Stasis   .     (no boots)
MR     .....                    (no amulet)
Stlth  ..........               q - -5 ring of dexterity
                                w - ring of protection from cold

@: very slightly contaminated, not resistant to hostile enchantments, extremely
unstealthy
A: negative energy resistance 1, electricity resistance, unbreathing,
petrification resistance, rot immunity, AC +5
a: Heroism, Renounce Religion


You were on level 8 of the Dungeon.
You worshipped Okawaru.
Okawaru was most pleased with you.
You were not hungry.

You visited 1 branch of the dungeon, and saw 8 of its levels.

You collected 363 gold pieces.

Inventory:

Hand Weapons
 a - a +1 flail (weapon)
 b - a +0 blowgun
Missiles
 k - 18 poisoned needles
 B - 8 needles of confusion
 J - 2 javelins (quivered)
Armour
 o - a +2 shield of poison resistance (worn)
 s - a +0 scale mail (worn)
 O - a +2 cloak (worn)
Jewellery
 q - a -5 ring of dexterity (right hand)
 w - a ring of protection from cold (left hand)
 z - a +4 ring of dexterity
 G - an uncursed ring of sustain attributes
 M - an uncursed amulet of stasis
Wands
 c - a wand of disintegration (3)
 C - a wand of cold (0)
 H - a wand of slowing (10)
Scrolls
 j - 2 scrolls of blinking
 n - a scroll of amnesia
 r - 3 scrolls of teleportation {unknown}
Potions
 d - a potion of might
 i - 2 potions of heal wounds
 m - 2 potions of agility
 p - 3 potions of curing {unknown}
 t - a potion of berserk rage
 u - a potion of flight {unknown}
 A - 4 potions of poison {unknown}
 D - a potion of haste
 I - a potion of invisibility
Comestibles
 e - 5 bread rations
 l - 4 meat rations
 F - a royal jelly


   Skills:
 + Level 8.3 Fighting
 * Level 10.4 Maces & Flails
 - Level 3.2 Armour
 + Level 3.8 Shields


You had 8 spell levels left.
You didn't know any spells.

Dungeon Overview and Level Annotations

Branches:
Dungeon (8/15)             Temple (0/1) D:6
   Lair: D:8-11

Altars:
Ashenzari
Dithmenos
Gozag
Kikubaaqudgha
Nemelex Xobeh
Okawaru
Qazlal
The Shining One

Shops:
D:4 :


Innate Abilities, Weirdness & Mutations

You are resistant to torment.
Your stone body is resilient (AC +5).
You are immune to poison.
You resist negative energy.
You are resistant to electric shocks.
You can survive without breathing.
You are immune to petrification.
You are immune to rotting.


Message History

It is a scroll of enchant armour.
Enchant which item? (? for menu, Esc to quit)
Your +1 cloak glows green for a moment.
The killer bee stings you but does no damage. x2
Read which item? (? for menu, Esc to quit)
As you read the scroll labeled DIOKHO SURA, it crumbles to dust.
The scroll dissolves into smoke.
It was a scroll of fog.
The killer bee barely misses you. The killer bee stings you.
* * * LOW HITPOINT WARNING * * *
Read which item? (? for menu, Esc to quit)
Blink to where?
Press: ? - help, Dir - move target cursor You are very lightly contaminated with residual magic.
As you read the scroll labeled BAYDUA SEODENT, it crumbles to dust.
It was a scroll of blinking.
Read which item? (? for menu, Esc to quit)
As you read the scroll labeled RIODABUHYXT, it crumbles to dust.
You feel forgetful for a moment.
It was a scroll of amnesia.
You block the killer bee's attack. The killer bee stings you.
You die...

#.......# ####.##.##.# ####.####
#.......# #......# ####.####
#.##.#.####### #.# #.##.#.#.....#
#.##### #<##.#.#.....# #.....#
#.##.#.#..)..####...#.#
####........<...##.......#
#.....:§§#§@....##.......#
#.####.§§yy#######.......#
#.####..#§## ###...#.#
#.##....#§# #.....# #.##.#.##y#
###.### *** #.##.#.##H########
#.# ,,** #......##†#......#
###.#####
**,**####.####.#.####.###.......#
*,,,,,*#........####............


You could see 2 killer bees.

Vanquished Creatures
  A komodo dragon (D:8)
  Prince Ribbit (D:8)
  3 hippogriffs (D:7)
  A phantom (D:4)
  The ghost of Charobnjak32 the Ducker, an amateur TrFi of Xom (D:6)
  A black bear (D:7)
  An ogre (D:8)
  3 sky beasts
  A giant frog (D:6)
  A scorpion (D:8)
  3 vampire bats (D:3)
  3 killer bees (D:8)
  A crimson imp (D:5)
  A centaur zombie (D:6)
  2 iguanas
  2 orc wizards
  4 hounds
  A jelly (D:7)
  An orc priest (D:6)
  Jessica (D:3)
  A giant frog skeleton (D:5)
  2 worker ants
  A worker ant zombie (D:6)
  2 adders
  3 gnolls (D:7)
  2 shadow imps
  2 oozes
  6 worms
  6 giant geckos
  13 orcs
  A ball python (D:3)
  8 bats
  4 bat skeletons (D:3)
  4 giant cockroaches
  3 hobgoblins
  5 jackals
  11 giant newts
  11 goblins
  2 jackal skeletons (D:4)
  8 kobolds
  9 rats
137 creatures vanquished.

Notes
Turn   | Place    | Note
--------------------------------------------------------------
     0 | D:1      | Eptagon the Gargoyle Fighter began the quest for the Orb.
     0 | D:1      | Reached XP level 1. HP: 14/14 MP: 1/1
   200 | D:1      | Reached XP level 2. HP: 19/19 MP: 2/2
   346 | D:1      | Reached XP level 3. HP: 20/23 MP: 3/3
  1049 | D:2      | Found a glowing golden altar of the Shining One.
  1688 | D:2      | Found a stormy altar of Qazlal.
  1691 | D:2      | Found a sparkling altar of Nemelex Xobeh.
  1999 | D:3      | Noticed Jessica
  2015 | D:3      | Killed Jessica
  2015 | D:3      | Reached skill level 4 in Fighting
  2015 | D:3      | Reached XP level 4. HP: 29/29 MP: 4/4
  2036 | D:3      | Found a shattered altar of Ashenzari.
  2810 | D:3      | Found an opulent altar of Gozag.
  2857 | D:3      | Found an ancient bone altar of Kikubaaqudgha.
  2876 | D:3      | Reached XP level 5. HP: 23/34 MP: 5/5
  2883 | D:3      | Reached skill level 5 in Maces & Flails
  2894 | D:3      | Reached XP level 6. HP: 27/39 MP: 6/6
  3309 | D:4      | Found Unatugga's Book Emporium.
  3371 | D:4      | Found an iron altar of Okawaru.
  3379 | D:4      | Became a worshipper of Warmaster Okawaru
  3488 | D:4      | Reached skill level 5 in Fighting
  3603 | D:4      | Reached skill level 6 in Maces & Flails
  3649 | D:4      | Found a shadowy altar of Dithmenos.
  3797 | D:5      | Entered Level 5 of the Dungeon
  3814 | D:5      | Reached XP level 7. HP: 44/44 MP: 7/7
  3841 | D:5      | Reached * piety under Okawaru
  3970 | D:5      | Found a stormy altar of Qazlal.
  4654 | D:6      | Noticed Charobnjak32's ghost (amateur TrFi)
  4671 | D:6      | Killed Charobnjak32's ghost
  4671 | D:6      | Reached skill level 7 in Maces & Flails
  4919 | D:6      | Reached XP level 8. HP: 51/51 MP: 8/8
  5317 | D:6      | Found a staircase to the Ecumenical Temple.
  5704 | D:7      | Reached skill level 8 in Maces & Flails
  5753 | D:7      | Reached ** piety under Okawaru
  6178 | D:7      | Reached skill level 9 in Maces & Flails
  6368 | D:7      | Reached XP level 9. HP: 53/57 MP: 9/9
  6587 | D:8      | Noticed a komodo dragon
  7012 | D:8      | Noticed Prince Ribbit
  7031 | D:8      | Killed Prince Ribbit
  7031 | D:8      | Reached *** piety under Okawaru
  7031 | D:8      | Reached skill level 10 in Maces & Flails
  7138 | D:8      | Killed a komodo dragon
  7372 | D:8      | Slain by a killer bee

Vault maps used:
D:1:      nagdon_arrival_zigzag_paths, serial_forest,
          infiniplex_forest_clump_long, infiniplex_forest_clump_small,
          infiniplex_forest_straight_3, infiniplex_forest_clump_cross,
          infiniplex_forest_clump_tiny, infiniplex_forest_end_1,
          minmay_lizard_king
D:2:      lemuel_upstairs_altar, nicolae_overflow_crystal_walls,
          amethyst_overflow_temple_binary
D:3:      nicolae_overflow_hidden_temple, old_standard_altar,
          kennysheep_vampire_church, first_bread, uniq_jessica
D:4:      nicolae_dithmenos_through_a_glass_darkly, serial_shops,
          nicolae_shop_behind_doors, okawaru_ov_weapons_minmay
D:5:      nicolae_qazlal_eye_of_the_storm
D:6:      minmay_temple_entry_fiery
D:8:      serial_shops, shop, uniq_prince_ribbit1

Action                   |  1- 3 |  4- 6 |  7- 9 || total
-------------------------+-------+-------+-------++-------
Melee: Flail             |   134 |   161 |   345 ||   640
Invok: Heroism           |       |       |     3 ||     3
Evoke: Wand              |       |       |     4 ||     4
  Use: Scroll            |       |     2 |    13 ||    15
       Potion            |       |       |     1 ||     1
  Eat: Chunk             |     3 |     6 |     9 ||    18
       Royal jelly       |       |       |     1 ||     1
       Beef jerky        |       |       |     1 ||     1
